[Event "ICC tourney 2753 (45 5)"]
[Site "Internet Chess Club"]
[Date "2021.12.04"]
[Round "5"]
[White "TREUSDELL, ROSS G:IveDoneEnough"]
[Black "GEVORGYAN, DAVIT:Davo29"]
[Result "0-1"]
[ICCResult "White resigns"]
[WhiteElo "1775"]
[BlackElo "1573"]
[Opening "Caro-Kann: two knights, 3...Bg4"]
[ECO "B11"]
[NIC "CK.01"]
[Time "20:00:15"]
[PlyCount "40"]
[TimeControl "2700+5"]

1. e4 c6 2. Nc3 d5 3. Nf3 Bg4 4. h3 Bh5 5. g4 Bg6 6. exd5 cxd5 7. Ne5 Nc6 8.
Bb5 Rc8 9. d4 e6 10. h4 f6 11. Nxg6 hxg6 12. Qe2 Kf7 13. Qd3 Bb4 14. Bd2
Nge7 15. O-O-O Qb6 16. Ne2 Bxd2+ 17. Rxd2 Nb4 18. Qb3 Qxb5 19. a3 Rxc2+ 20.
Rxc2 Nd3+ {White resigns} 0-1

[Event "ICC tourney 2753 (45 5)"]
[Site "Internet Chess Club"]
[Date "2021.12.04"]
[Round "5"]
[White "DHURJATI, ANAGHA:amdink"]
[Black "MEHTA, DHAIRYA MITUL:Chesschamp27"]
[Result "0-1"]
[ICCResult "White resigns"]
[WhiteElo "1546"]
[BlackElo "1446"]
[Opening "Caro-Kann: advance variation"]
[ECO "B12"]
[NIC "CK.04"]
[Time "20:00:17"]
[PlyCount "76"]
[TimeControl "2700+5"]

1. e4 c6 2. d4 d5 3. e5 Bf5 4. Nf3 e6 5. Bd3 Bxd3 6. Qxd3 Nd7 7. O-O Ne7 8.
c3 Nf5 9. Re1 Be7 10. Nbd2 O-O 11. Nf1 c5 12. Ng3 Nxg3 13. fxg3 cxd4 14.
cxd4 Qb6 15. b3 Rac8 16. Bd2 h6 17. Rac1 Nb8 18. Kh1 Nc6 19. Be3 Nb4 20. Qe2
Qa6 21. Qxa6 Nxa6 22. Rf1 Ba3 23. Rxc8 Rxc8 24. h3 Rc2 25. Rf2 Rxf2 26. Bxf2
Nb4 27. Kg1 Nxa2 28. Be3 Nb4 29. Kf2 Nc2 30. Ke2 Nxe3 31. Kxe3 Kf8 32. Kd3
Ke7 33. Kc3 a5 34. Ne1 Bb4+ 35. Kc2 Bxe1 36. g4 Kd7 37. Kd1 Bf2 38. Ke2 Bxd4
{White resigns}
0-1

[Event "ICC tourney 2753 (45 5)"]
[Site "Internet Chess Club"]
[Date "2021.12.04"]
[Round "5"]
[White "Singh, Jai  Prakash:jps7"]
[Black "SHAH-GUSTAFSSON, LINNEA:Saga44"]
[Result "1-0"]
[ICCResult "Black resigns"]
[WhiteElo "1700"]
[BlackElo "995"]
[Opening "Queen's pawn game"]
[ECO "D02"]
[NIC "QP.08"]
[Time "20:00:16"]
[PlyCount "123"]
[TimeControl "2700+5"]

1. d4 d5 2. Nf3 Bf5 3. e3 Nf6 4. c4 e6 5. Nc3 Nbd7 6. Qb3 dxc4 7. Qxb7 Nb6
8. Qc6+ Qd7 9. Qxd7+ Nfxd7 10. Nd2 Bb4 11. Nxc4 O-O 12. Nd2 Nd5 13. Nxd5
exd5 14. Bb5 Rab8 15. Bxd7 Bxd7 16. b3 Bc3 17. Rb1 Bf5 18. Ke2 Bxb1 19. Nxb1
Bb4 20. a3 Bd6 21. b4 a5 22. Nc3 axb4 23. axb4 c6 24. Bd2 Bxb4 25. Rc1 Rb7
26. Na4 Bxd2 27. Kxd2 Rc8 28. Rc5 Rb4 29. Nc3 Rc4 30. Rxc4 dxc4 31. e4 Rd8
32. Ke3 c5 33. d5 Kf8 34. f4 Ke7 35. e5 f6 36. Ke4 fxe5 37. fxe5 g6 38. Na4
Rc8 39. Nb6 Rd8 40. Nxc4 Rc8 41. g4 h6 42. h4 Rb8 43. Ne3 Rb4+ 44. Kf3 c4
45. Ke4 c3+ 46. Kd3 Kd7 47. Kxc3 Re4 48. e6+ Ke7 49. Kd3 Ra4 50. Nc4 g5 51.
hxg5 hxg5 52. Kd4 Rb4 53. Kc5 Rb1 54. Ne5 Rc1+ 55. Kd4 Rd1+ 56. Nd3 Rg1 57.
Ke5 Rxg4 58. d6+ Ke8 59. Nc5 Rb4 60. Ne4 g4 61. Nf6+ Kd8 62. e7+ {Black
resigns} 1-0

[Event "ICC tourney 2753 (45 5)"]
[Site "Internet Chess Club"]
[Date "2021.12.04"]
[Round "5"]
[White "CAO, DANIEL:danielcao"]
[Black "BRUDNO, STEPHEN:StevChess01"]
[Result "0-1"]
[ICCResult "White resigns"]
[WhiteElo "1271"]
[BlackElo "1478"]
[Opening "Sicilian: O'Kelly variation"]
[ECO "B28"]
[NIC "SI.43"]
[Time "20:00:20"]
[PlyCount "48"]
[TimeControl "2700+5"]

1. e4 c5 2. Nf3 a6 3. d4 cxd4 4. Nxd4 Nf6 5. Nc3 e5 6. Nf5 d5 7. Bg5 d4 8.
Nd5 Bxf5 9. Nxf6+ gxf6 10. exf5 fxg5 11. Qf3 Nc6 12. Bc4 Qa5+ 13. c3 dxc3
14. bxc3 Nd4 15. Qd3 Rd8 16. O-O Nc6 17. Bxf7+ Kxf7 18. Qc4+ Qd5 19. Qg4 Be7
20. Qh5+ Kg7 21. h4 Qf7 22. Qg4 h5 23. Qg3 Qxf5 24. hxg5 Rd3 {White resigns}
0-1

[Event "ICC tourney 2753 (45 5)"]
[Site "Internet Chess Club"]
[Date "2021.12.04"]
[Round "5"]
[White "HOSUR, SANMITA:phosur"]
[Black "Sun, Nathan Haojia:nathansun123"]
[Result "1-0"]
[ICCResult "Black checkmated"]
[WhiteElo "1347"]
[BlackElo "1157"]
[Opening "Grünfeld: 5.e3"]
[ECO "D94"]
[NIC "GI.09"]
[Time "20:00:25"]
[PlyCount "85"]
[TimeControl "2700+5"]

1. d4 Nf6 2. c4 g6 3. Nc3 d5 4. Nf3 Bg7 5. e3 O-O 6. Be2 Nc6 7. O-O a6 8. b3
b6 9. Bb2 Bb7 10. Rc1 e6 11. Re1 Rc8 12. a3 a5 13. Qc2 Ne7 14. b4 Nc6 15.
Qb3 axb4 16. axb4 dxc4 17. Bxc4 Ne7 18. e4 Re8 19. Rcd1 c6 20. Ng5 Rc7 21.
Bxe6 Ned5 22. Nxf7 Rxf7 23. Bxf7+ Kxf7 24. exd5 Rxe1+ 25. Rxe1 cxd5 26. Ba3
Bf8 27. b5 Bxa3 28. Qxa3 Qd7 29. Qa7 Kg8 30. Qxb6 Kf7 31. Na4 Ne4 32. f3 Nd6
33. Nc5 Qe7 34. Rxe7+ Kxe7 35. Nxb7 Nxb7 36. Qxb7+ Ke6 37. Qc7 h5 38. b6 g5
39. b7 g4 40. b8=Q gxf3 41. Qe5+ Kf7 42. Qb7+ Kf8 43. Qeb8# {Black
checkmated} 1-0

[Event "ICC tourney 2753 (45 5)"]
[Site "Internet Chess Club"]
[Date "2021.12.04"]
[Round "5"]
[White "RAVIND G N, RICNESH:RickyCarlsen"]
[Black "YUAN, SERENA:doudou2011"]
[Result "0-1"]
[ICCResult "White checkmated"]
[WhiteElo "1700"]
[BlackElo "1604"]
[Opening "Anderssen's opening"]
[ECO "A00"]
[NIC "VO.14"]
[Time "20:00:19"]
[PlyCount "104"]
[TimeControl "2700+5"]

1. a3 d5 2. e4 dxe4 3. Nc3 Nf6 4. Qe2 e6 5. Nxe4 Nxe4 6. Qxe4 Bd6 7. Qg4 O-O
8. d4 e5 9. Qg5 Qxg5 10. Bxg5 exd4 11. O-O-O c5 12. Nf3 h6 13. Bh4 Bf5 14.
Bc4 Nc6 15. Rde1 a6 16. Bd5 Rac8 17. h3 g5 18. g4 Bf4+ 19. Kb1 Bxc2+ 20.
Kxc2 gxh4 21. Nxh4 Rfd8 22. Be4 c4 23. Nf5 d3+ 24. Kd1 Kf8 25. Ne3 b5 26.
Nd5 Bd6 27. Bf5 Rb8 28. Nf6 Rb7 29. Be4 Rc7 30. Nd5 Rcc8 31. Bf5 Rb8 32. Nf6
Kg7 33. Nh5+ Kh8 34. Be4 Nd4 35. Rhg1 b4 36. axb4 Rxb4 37. Kd2 Rb3 38. Rb1
Bb4+ 39. Ke3 d2+ 40. Bd3 Rxd3+ 41. Ke4 Re8+ 42. Kd5 Rc8 43. g5 Nf3+ 44. Ke4
Nxg1 45. gxh6 d1=Q 46. Rxd1 Rxd1 47. Nf6 Re1+ 48. Kf4 Nxh3+ 49. Kg3 Ng5 50.
Kg4 Rg1+ 51. Kf5 Rc5+ 52. Kf4 Bd2# {White checkmated} 0-1

[Event "ICC tourney 2753 (45 5)"]
[Site "Internet Chess Club"]
[Date "2021.12.04"]
[Round "5"]
[White "YANG, LEFAN:cutefelix"]
[Black "OPASKA, MICHAEL:mopaska1106"]
[Result "1-0"]
[ICCResult "Black resigns"]
[WhiteElo "1717"]
[BlackElo "1856"]
[Opening "Dutch: Staunton gambit, Staunton's line"]
[ECO "A83"]
[NIC "HD.11"]
[Time "20:00:21"]
[PlyCount "57"]
[TimeControl "2700+5"]

1. d4 f5 2. e4 fxe4 3. Nc3 Nf6 4. Bg5 d5 5. Bxf6 exf6 6. Qh5+ g6 7. Qxd5 Bb4
8. Qb5+ Nc6 9. d5 Bxc3+ 10. bxc3 a6 11. Qc4 Ne5 12. Qxe4 Bf5 13. Qa4+ b5 14.
Qb3 Qd6 15. O-O-O O-O 16. Be2 Nd7 17. Nf3 Nc5 18. Qb4 Bd7 19. Qd4 a5 20. Nd2
Na4 21. Ne4 Qf4+ 22. Rd2 Rae8 23. Bf3 Nb6 24. Kb1 Nc4 25. Re2 Bg4 26. Nxf6+
Qxf6 27. Qxf6 Rxf6 28. Rxe8+ Kf7 29. Rhe1 {Black resigns} 1-0

[Event "ICC tourney 2753 (45 5)"]
[Site "Internet Chess Club"]
[Date "2021.12.04"]
[Round "5"]
[White "YANG, ALEXANDER:K05-16917728"]
[Black "QI, JENNY:eevee11"]
[Result "1/2-1/2"]
[ICCResult "Black stalemated"]
[WhiteElo "1660"]
[BlackElo "1318"]
[Opening "Grünfeld: exchange, Spassky variation"]
[ECO "D87"]
[NIC "GI.05"]
[Time "20:00:26"]
[PlyCount "145"]
[TimeControl "2700+5"]

1. d4 Nf6 2. c4 g6 3. Nc3 d5 4. cxd5 Nxd5 5. e4 Nxc3 6. bxc3 Bg7 7. Bc4 c5
8. Ne2 O-O 9. O-O Nc6 10. Be3 Qc7 11. Rc1 Rd8 12. Qc2 cxd4 13. cxd4 Qd7 14.
Bb5 e6 15. Rfd1 Qe7 16. f3 Bd7 17. Rb1 a6 18. Bxc6 Bxc6 19. Qc5 Qxc5 20.
dxc5 Rac8 21. Bg5 f6 22. Bf4 Bf8 23. Bd6 e5 24. Nc1 Bxd6 25. cxd6 Rd7 26.
Rb2 Rcd8 27. Rbd2 Ba4 28. Nb3 Bxb3 29. axb3 Kf7 30. Rc1 Ke6 31. Rc7 Rxc7 32.
dxc7 Rc8 33. Kf2 Rxc7 34. Rd3 Rc2+ 35. Kg3 b5 36. Kh3 a5 37. g3 a4 38. bxa4
bxa4 39. Rd8 Rc7 40. Ra8 Rc4 41. Ra6+ Kf7 42. Ra7+ Kg8 43. Ra8+ Kg7 44. Ra7+
Kh6 45. Ra5 Rc3 46. Rxa4 Rxf3 47. Kg2 Rd3 48. Ra6 Kg5 49. Ra4 Rd4 50. Rxd4
exd4 51. Kf3 d3 52. h3 h5 53. h4+ Kh6 54. Ke3 g5 55. Kxd3 Kg6 56. Ke3 gxh4
57. gxh4 Kf7 58. Kf3 Ke7 59. Ke3 Ke6 60. Kf4 Kf7 61. Kf5 Kg7 62. Ke6 Kg6 63.
e5 fxe5 64. Kxe5 Kh6 65. Kf6 Kh7 66. Kg5 Kg7 67. Kxh5 Kh7 68. Kg5 Kg7 69. h5
Kh7 70. h6 Kh8 71. Kg6 Kg8 72. h7+ Kh8 73. Kh6 {Black stalemated} 1/2-1/2

[Event "ICC tourney 2753 (45 5)"]
[Site "Internet Chess Club"]
[Date "2021.12.04"]
[Round "5"]
[White "CAREY, MICHAEL P:xyzchessdude"]
[Black "Anh, Phuc:Phucanhfananime"]
[Result "0-1"]
[ICCResult "White forfeits on time"]
[WhiteElo "1785"]
[BlackElo "1743"]
[Opening "English: symmetrical, four knights system"]
[ECO "A30"]
[NIC "QP.11"]
[Time "20:00:17"]
[PlyCount "144"]
[TimeControl "2700+5"]

1. Nf3 Nf6 2. c4 c5 3. Nc3 Nc6 4. e3 g6 5. d4 cxd4 6. exd4 d5 7. cxd5 Nxd5
8. Qb3 Nb6 9. d5 Nb8 10. Bf4 Bg7 11. Rd1 Bd7 12. Be2 O-O 13. h4 Bg4 14. Ng5
Bxc3+ 15. bxc3 Bxe2 16. Kxe2 Qc8 17. f3 Na6 18. h5 h6 19. Ne4 g5 20. Be3
Qc4+ 21. Kf2 Rfc8 22. g4 Rc7 23. Rd4 Qxb3 24. axb3 Nc5 25. Nxc5 Rxc5 26. c4
Ra5 27. Rhd1 Ra3 28. R4d3 Nd7 29. Bd4 Rc8 30. Re1 b5 31. Rxe7 bxc4 32. Rde3
Ra2+ 33. Kg3 f5 34. gxf5 Nb6 35. bxc4 Nxc4 36. Re8+ Rxe8 37. Rxe8+ Kf7 38.
Rc8 Nd6 39. Rc7+ Ke8 40. Be5 Nxf5+ 41. Kg4 Ne3+ 42. Kg3 Nxd5 43. Rh7 Ra6 44.
Rh8+ Kf7 45. Bd4 Ne7 46. Ra8 Nf5+ 47. Kg4 Nxd4 48. f4 Ne6 49. fxg5 Nxg5 50.
Rb8 Kf6 51. Rf8+ Nf7 52. Rb8 Ra4+ 53. Kg3 Ne5 54. Rb5 Rg4+ 55. Kh3 Ra4 56.
Rb7 a5 57. Rb5 Kf5 58. Kg3 Ra3+ 59. Kf2 Kf4 60. Ke2 Ke4 61. Kd2 Kd4 62. Ke2
Ra2+ 63. Kf1 a4 64. Ra5 a3 65. Ra4+ Ke3 66. Ra5 Nd3 67. Kg1 Ra1+ 68. Kh2 a2
69. Ra6 Nf4 70. Rxh6 Rh1+ 71. Kxh1 a1=Q+ 72. Kh2 Qb2+ {White forfeits on
time} 0-1

[Event "ICC tourney 2753 (45 5)"]
[Site "Internet Chess Club"]
[Date "2021.12.04"]
[Round "5"]
[White "MIRALAIE, MITCHELL:mmiralaie"]
[Black "VALE CRUZ, ARMIN:trucker"]
[Result "1-0"]
[ICCResult "Black forfeits on time"]
[WhiteElo "1476"]
[BlackElo "1672"]
[Opening "Pirc: classical (two knights) system"]
[ECO "B08"]
[NIC "PU.10"]
[Time "20:00:22"]
[PlyCount "65"]
[TimeControl "2700+5"]

1. e4 d6 2. d4 Nf6 3. Nc3 g6 4. Nf3 Bg7 5. Bf4 c6 6. Qd2 b5 7. a3 Bb7 8. Bd3
Nbd7 9. O-O Qb6 10. Rad1 a6 11. b4 O-O 12. Rfe1 Rfe8 13. e5 dxe5 14. dxe5
Nd5 15. Nxd5 cxd5 16. Bh6 Nf8 17. Bxg7 Kxg7 18. c3 Rac8 19. h4 h6 20. Nd4
Ne6 21. Qe3 Nxd4 22. cxd4 Rc3 23. e6 Bc8 24. Qe5+ f6 25. Qg3 g5 26. hxg5
hxg5 27. Qh3 Rh8 28. Qf5 Rh6 29. Qxd5 Bb7 30. Qd7 Rc7 31. Qe8 Rc8 32. Qxe7+
Kh8 33. Rc1 {Black forfeits on time} 1-0

[Event "ICC tourney 2753 (45 5)"]
[Site "Internet Chess Club"]
[Date "2021.12.04"]
[Round "5"]
[White "JIMENEZ, LUIS A:eltuna"]
[Black "FURMAN, MIKHAIL:mfurm"]
[Result "1-0"]
[ICCResult "Black checkmated"]
[WhiteElo "1575"]
[BlackElo "1711"]
[Opening "Nimzo-Indian: 4.e3 c5, 5.Ne2 (Rubinstein, anti-Hübner system)"]
[ECO "E42"]
[NIC "NI.16"]
[Time "20:00:17"]
[PlyCount "75"]
[TimeControl "2700+5"]

1. d4 Nf6 2. c4 e6 3. Nc3 Bb4 4. e3 c5 5. Ne2 O-O 6. a3 cxd4 7. exd4 Be7 8.
d5 d6 9. Ng3 Nbd7 10. Be2 Qc7 11. Bf4 Ne5 12. Bxe5 dxe5 13. Nb5 Qb6 14. d6
Rd8 15. Qc2 Bxd6 16. Nxd6 Qxd6 17. O-O Bd7 18. Rad1 Qc7 19. Rd2 Bc6 20. Bd3
h5 21. h4 Rd4 22. Rfd1 Rxh4 23. b4 e4 24. Be2 e3 25. Rd6 exf2+ 26. Kxf2 Rf4+
27. Kg1 h4 28. Qd2 Nd5 29. Rxc6 bxc6 30. cxd5 Qb6+ 31. Kh1 Qf2 32. Nh5 Re4
33. Qg5 Kf8 34. Qxg7+ Ke7 35. d6+ Kd8 36. Qf8+ Kd7 37. Qe7+ Kc8 38. Qc7#
{Black checkmated}
1-0

[Event "ICC tourney 2753 (45 5)"]
[Site "Internet Chess Club"]
[Date "2021.12.04"]
[Round "5"]
[White "VISHWA, SUSHEEL:sushivishwa"]
[Black "VENKATESH, NARAYAN:narayan0811"]
[Result "1-0"]
[ICCResult "Black forfeits on time"]
[WhiteElo "1746"]
[BlackElo "1673"]
[Opening "French: Tarrasch, closed variation"]
[ECO "C05"]
[NIC "FR.16"]
[Time "20:00:19"]
[PlyCount "111"]
[TimeControl "2700+5"]

1. e4 e6 2. d4 d5 3. Nd2 Nf6 4. e5 Nfd7 5. f4 c5 6. c3 Nc6 7. Ndf3 Be7 8. h4
Qb6 9. Ne2 Nf8 10. Rb1 h5 11. Be3 a5 12. Kf2 a4 13. dxc5 Bxc5 14. Ned4 Ng6
15. Bd3 Nge7 16. Re1 g6 17. Nc2 Bxe3+ 18. Rxe3 Ng8 19. Ncd4 Nh6 20. Re2 Bd7
21. Kg3 Rg8 22. Kh2 Ng4+ 23. Kg3 Nh6 24. Kh2 Ng4+ 25. Kh1 Ke7 26. g3 Rgc8
27. Kg2 Qc5 28. Qd2 Nxd4 29. Nxd4 Rg8 30. a3 b5 31. Rf1 Kd8 32. Ree1 Rc8 33.
Be2 Nh6 34. Rf3 Nf5 35. Rd3 Nxd4 36. Rxd4 Qe7 37. Rb4 Rc5 38. Bd3 Bc6 39.
Kh2 Kc7 40. Qd1 Rd8 41. Qe2 Kb6 42. Bc2 Kc7 43. Rd1 Rb8 44. Rdd4 Rc4 45. Bd3
Rxb4 46. Rxb4 Qc5 47. Kg2 d4+ 48. Be4 dxc3 49. bxc3 Qxc3 50. Kh3 Rb6 51. Qd1
Bxe4 52. Rxe4 Rc6 53. Rd4 Qxa3 54. Rd7+ Kb6 55. Rxf7 Qc5 56. Qd8+
{Black forfeits on time}
1-0